 Dungeon Crawl Stone Soup version 0.23.0 (webtiles) character file.

Game seed: 8549553597243924689

71 Esekla the Cutter (level 4, -2/27 HPs)
             Began as a Tengu Wanderer on Feb 13, 2019.
             Slain by a kobold
             ... wielding a +0 dagger
              (3 damage)
             ... on level 3 of the Dungeon.
             The game lasted 00:10:04 (1452 turns).

Esekla the Cutter (Tengu Wanderer)                  Turns: 1452, Time: 00:10:05

Health: -2/27      AC:  3    Str: 12    XL:     4   Next: 24%
Magic:  6/6        EV: 12    Int: 14    God:
Gold:   115        SH:  0    Dex: 13    Spells: 5/5 levels left

rFire    + . .     SeeInvis .   a - +2 short sword
rCold    . . .     Gourm    .   (no shield)
rNeg     . . .     Faith    .   d - +0 robe
rPois    .         Spirit   .   (helmet restricted)
rElec    .         Reflect  .   h - +0 cloak
rCorr    .         Harm     .   (no gloves)
MR       .....                  (boots unavailable)
Stlth    +.........             (no amulet)
HPRegen  0.09/turn              m - ring of protection from fire
MPRegen  0.10/turn              (no ring)

@: lethally poisoned (-2 -> -7)
A: beak, talons 3
a: no special abilities


You were on level 3 of the Dungeon.
You were not hungry.

You visited 1 branch of the dungeon, and saw 3 of its levels.

You collected 115 gold pieces.

Inventory:

Hand Weapons
 a - a +2 short sword (weapon)
 b - a +0 falchion
Missiles
 n - 5 javelins (quivered)
Armour
 d - a +0 robe (worn)
 h - a +0 cloak (worn)
Jewellery
 m - a ring of protection from fire (left hand)
Scrolls
 c - a scroll of identify {unknown}
 e - a scroll of remove curse {unknown}
 j - 2 scrolls of magic mapping {unknown}
 k - a scroll of teleportation {unknown}
 l - a scroll of noise {unknown}
 o - a scroll of enchant armour {unknown}
 q - a scroll of fog {unknown}
Potions
 g - a potion of agility
 i - a potion of heal wounds {unknown}
 p - a potion of brilliance {unknown}
Comestibles
 f - 3 rations


   Skills:
 + Level 2.6 Fighting
 * Level 4.1 Short Blades
 + Level 1.7 Dodging
   Level 1.0 Shields
 - Level 1.0 Spellcasting
   Level 1.2 Summonings
   Level 1.3 Air Magic
   Level 1.0 Evocations


You had 5 spell levels left.
You didn't know any spells.
Your spell library was empty.

Dungeon Overview and Level Annotations

Branches:
Dungeon (3/15)

Altars:


Innate Abilities, Weirdness & Mutations

You have a beak for a mouth.
You have claws for feet.


Message History

The kobold shoots a poisoned needle.
The poisoned needle misses you.
You see here a poisoned needle.
The kobold shoots a poisoned needle.
The poisoned needle hits you!
You are lethally poisoned!
You see here a poisoned needle.
* * * LOW HITPOINT WARNING * * *
You feel sick.
The kobold shoots a poisoned needle.
The poisoned needle misses you.
You see here a poisoned needle.
The kobold unwields a +0 blowgun.
The kobold wields a +0 club.
The kobold closely misses you.
You closely miss the kobold. Your peck misses the kobold.
* * * LOW HITPOINT WARNING * * *
You feel sick. The kobold hits you but does no damage.
You hit the kobold.
The kobold is heavily wounded.
The kobold hits you with a +0 club.
* * * LOW HITPOINT WARNING * * *
The kobold hits you with a +0 dagger.
You die...

######### #.@Kgb(.#
#K#####†######
#.#<....<....#
K...............$..
###.#.#.#..$.......
#.#.###.###.#.... #
#. #.# ....#. ##
#.# .##.# #.. .# #


You could see a hobgoblin, a bat and 2 kobolds.

Vanquished Creatures
  A gnoll (D:2)
  2 adders (D:2)
  A dart slug (D:2)
  A giant cockroach (D:1)
  9 hobgoblins
  4 jackals (D:2)
  A quokka (D:2)
  9 bats
  6 frilled lizards
  2 goblins
  2 kobolds
  3 rats
41 creatures vanquished.

Notes
Turn   | Place    | Note
-------+----------+-------------------------------------------
     0 | D:1      | Esekla the Tengu Wanderer began the quest for the Orb.
     0 | D:1      | Esekla set off with the following items: a +2 short sword,
                  | a +0 falchion, a potion of curing, a +0 robe, a ration
     0 | D:1      | Reached XP level 1. HP: 12/12 MP: 3/3
   125 | D:2      | Reached XP level 2. HP: 13/18 MP: 4/4
   284 | D:1      | Reached skill level 3 in Short Blades
   462 | D:1      | Reached XP level 3. HP: 22/22 MP: 5/5
  1226 | D:2      | Reached XP level 4. HP: 27/27 MP: 6/6
  1253 | D:2      | Reached skill level 4 in Short Blades
  1452 | D:3      | HP: 1/27 [kobold/+0 club (3)]
  1452 | D:3      | Slain by a kobold

Skill      XL: |  1  2  3  4 |
---------------+-------------+-----
Short Blades   | 3 4 |  4.1
Fighting       | |  2.6
Dodging        | |  1.7
Shields        | |  1.0
Spellcasting   | |  1.0
Summonings     | |  1.2
Air Magic      | |  1.3
Evocations     | |  1.0

Action                   |  1- 3 |  4- 6 || total
-------------------------+-------+-------++-------
Melee: Short sword       |    93 |    21 ||   114
       Kick              |    15 |       ||    15
       Peck              |    14 |     4 ||    18
Throw: Javelin           |     3 |       ||     3
  Use: Potion            |     2 |       ||     2
 Stab: Distracted        |     1 |       ||     1
  Eat: Ration            |     1 |       ||     1
Armor: Robe              |    25 |     4 ||    29
Dodge: Dodged            |    54 |    19 ||    73
